 Dungeon Crawl Stone Soup version 0.29-a0-598-gd8304a5bf4 (webtiles) character file.

Game seed: 5870340059337145331

926 DocClef the Fighter (level 7, -1/65 HPs)
             Began as a Purple Draconian Fighter on June 15, 2022.
             Was a Follower of Hepliaklqana.
             Slain by a water moccasin (6 damage)
             ... on level 6 of the Dungeon on June 16, 2022.
             The game lasted 00:06:08 (6395 turns).

DocClef the Fighter (Purple Draconian Fighter)      Turns: 6395, Time: 00:06:09

Health: -1/65      AC:  7    Str: 21    XL:     7   Next: 85%
Magic:  7/7        EV: 11    Int:  8    God:    Hepliaklqana [*.....]
Gold:   286        SH:  4    Dex: 10    Spells: 6/6 levels left

rFire   . . .      SeeInvis .   a - +0 war axe
rCold   . . .      Faith    .   b - +0 buckler
rNeg    . . .      Spirit   .   (body armour unavailable)
rPois   .          Reflect  .   (helmet restricted)
rElec   .          Harm     .   (no cloak)
rCorr   .          Rampage  .   w - +0 pair of gloves
Will    +....                   (no boots)
Stlth   +.........              (no amulet)
HPRegen 0.20/turn               (no ring)
MPRegen 0.10/turn               (no ring)

@: short of breath
A: reduced essence, breathe power, AC +6, unfitting armour, cold-blooded
a: Breathe Dispelling Energy, Renounce Religion, Recall Ancestor, Ancestor
Identity


You were on level 6 of the Dungeon.
You worshipped Hepliaklqana.
Hepliaklqana was aware of your devotion.
You visited 2 branches of the dungeon, and saw 7 of its levels.

You collected 286 gold pieces.

Inventory:

Hand Weapons
 a - a +0 war axe (weapon)
Armour
 b - a +0 buckler (worn)
 w - a +0 pair of gloves (worn)
Wands
 s - a wand of paralysis (13)
Scrolls
 f - 3 scrolls of teleportation {unknown}
 h - a scroll of poison {unknown}
 i - 5 scrolls of identify {unknown}
 j - a scroll of vulnerability {unknown}
 k - a scroll of acquirement {unknown}
 l - a scroll of fog {unknown}
 n - a scroll of blinking {unknown}
 p - a scroll of noise {unknown}
 r - a scroll of enchant armour {unknown}
 t - a scroll of silence {unknown}
 v - a scroll of magic mapping {unknown}
Potions
 c - 2 potions of might
 d - 3 potions of brilliance {unknown}
 e - 2 potions of curing {unknown}
 g - 4 potions of mutation {unknown}
 m - a potion of attraction {unknown}
 o - a potion of lignification {unknown}
 q - a potion of magic {unknown}
 u - a potion of flight {unknown}
 x - a potion of ambrosia


   Skills:
 + Level 10.4 Fighting
 - Level 2.0 Axes
 - Level 2.6 Dodging
 - Level 3.0 Shields


You had 6 spell levels left.
You didn't know any spells.
Your spell library contained the following spells:

 Spells                   Type           Power      Damage    Failure   Level
 Apportation              Tloc           0%         N/A       50%         1
 Ensorcelled Hibernation  Hex/Ice        0%         N/A       65%         2
 Sublimation of Blood     Necr           0%         N/A       65%         2
 Spider Form              Tmut/Pois      0%         N/A       86%         3
 Anguish                  Hex/Necr       0%         N/A       99%         4
 Petrify                  Tmut/Erth      0%         N/A       99%         4
 Alistair's Intoxication  Tmut/Pois      0%         N/A       100%        5
 Irradiate                Conj/Tmut      0%         3d13      100%        5


Dungeon Overview and Level Annotations

Branches:
Dungeon (6/15)             Temple (1/1) D:6

Altars:
Ashenzari
Dithmenos
Fedhas
Hepliaklqana
Kikubaaqudgha
Nemelex Xobeh
Okawaru
Qazlal
Trog
Uskayaw
Vehumet
Xom
Yredelemnul
Zin

Annotations:
D:5 2 transporters, zishaf's ghost, novice TeAE
D:6 1 runed translucent door, benadryl's ghost, amateur OgEE


Innate Abilities, Weirdness & Mutations

Your life essence is reduced to manifest your ancestor. (-10% HP)
You can breathe bolts of dispelling energy.
Your rich purple scales are hard. (AC +6)
You cannot fit into any form of body armour.
You are cold-blooded and may be slowed by cold attacks.


Message History

The water moccasin is moderately wounded.
You barely miss the iguana. The iguana bites you!
* * * LOW HITPOINT WARNING * * *
The water moccasin closely misses you.
Ammiditana closely misses the water moccasin.
The iguana bites you.
* * * LOW HITPOINT WARNING * * *
You block the water moccasin's attack.
You barely miss the water moccasin.
The water moccasin is moderately wounded.
You barely miss the iguana.
Ammiditana barely misses the water moccasin.
You block the water moccasin's attack. The iguana closely misses you.
Ammiditana closely misses the water moccasin.
The water moccasin bites you.
* * * LOW HITPOINT WARNING * * *
Aiming: Breathe Dispelling Energy (5% risk of failure)
Press: ? - help, Shift-Dir - straight line, f - water moccasin
Aim: a water moccasin (moderately wounded, ally target, 31% to hit)
You breathe a bolt of dispelling energy.
The bolt of dispelling energy misses the water moccasin.
The iguana bites you but does no damage.
The water moccasin bites you but does no damage.
Ammiditana misses the water moccasin.
You hit the water moccasin.
The water moccasin is heavily wounded.
You hit the iguana. The water moccasin bites you.
* * * LOW HITPOINT WARNING * * *
The iguana bites you.
* * * LOW HITPOINT WARNING * * *
Ammiditana hits the water moccasin.
The water moccasin barely misses Ammiditana.
The iguana misses you.
You closely miss the water moccasin.
Your tail-slap misses the water moccasin.
The water moccasin is severely wounded.
You hit the iguana but do no damage. You block the water moccasin's attack.
Ammiditana hits the water moccasin.
The iguana closely misses you. The water moccasin bites you.
You die...

######+###...#.......#
#........'.......#
#........#.......#
+........#.......#
###+###+##.......#
..............#
..............#
..............#
.........@l)..#
.........SR.....<
..#####..........
..#...#.........?
#...#..........
#...#..........
#.<.#..........
#...#..........
#.....#...# #####


You could see the friendly Ammiditana the ancestor, a water moccasin (ally
target) and an iguana.

Vanquished Creatures
  3 ogres
  2 scorpions (D:5)
  A jelly (D:4)
  An orc priest (D:3)
  7 iguanas
  Robin (D:3)
  A gnoll (D:1)
  12 adders
  A shadow imp (D:6)
  A white imp (D:6)
  An ufetubus (D:4)
  A worm (D:2)
  5 dart slugs
  7 orcs
  7 bats
  8 endoplasms
  3 giant cockroaches
  19 goblins
  8 hobgoblins
  9 jackals
  3 quokkas
  7 ball pythons
  A frilled lizard (D:2)
  10 kobolds
  6 rats
125 creatures vanquished.

Vanquished Creatures (collateral kills)
  A jelly (D:5)
  An orc (D:6)
  2 butterflies (D:5)
4 creatures vanquished.

Grand Total: 129 creatures vanquished

Notes
Turn   | Place    | Note
-------+----------+-------------------------------------------
     0 | D:1      | DocClef the Draconian Fighter began the quest for the Orb.
     0 | D:1      | Reached XP level 1. HP: 19/19 MP: 1/1
    28 | D:1      | Reached skill level 4 in Fighting
    28 | D:1      | Reached XP level 2. HP: 25/27 MP: 2/2
   282 | D:1      | Found a faded altar of an unknown god.
   488 | D:1      | Reached XP level 3. HP: 34/34 MP: 3/3
   877 | D:2      | Reached skill level 5 in Fighting
  1121 | D:2      | Reached XP level 4. HP: 39/42 MP: 4/4
  1877 | D:2      | Reached skill level 6 in Fighting
  2102 | D:3      | Reached XP level 5. HP: 47/51 MP: 5/5
  2171 | D:3      | Noticed Robin
  2185 | D:3      | Killed Robin
  2701 | D:3      | Found a blossoming altar of Fedhas.
  3260 | D:3      | Reached skill level 7 in Fighting
  3435 | D:3      | Reached XP level 6. HP: 53/55 MP: 6/6
  3911 | D:4      | Reached skill level 8 in Fighting
  4298 | D:4      | You fall into a shaft and drop 2 floors!
  4298 | D:6      | Found a staircase to the Ecumenical Temple.
  4306 | Temple   | Entered the Ecumenical Temple
  4530 | Temple   | Became a worshipper of Hepliaklqana the Forgotten
  4571 | D:6      | Found a runed translucent door.
  4571 | D:6      | Noticed benadryl's ghost (amateur OgEE)
  4774 | D:6      | Your scales start taking on a rich purple colour.
  4774 | D:6      | Reached XP level 7. HP: 65/69 MP: 7/7
  4899 | D:5      | Entered Level 5 of the Dungeon
  4986 | D:5      | Found a glowing silver altar of Zin.
  5011 | D:5      | Reached skill level 9 in Fighting
  5249 | D:5      | Reached * piety under Hepliaklqana
  5273 | D:5      | Noticed zishaf's ghost (novice TeAE)
  5285 | D:5      | Found a transporter.
  5290 | D:5      | Found a transporter.
  5765 | D:5      | Reached skill level 10 in Fighting
  5812 | D:5      | Found a shimmering altar of Xom.
  6133 | D:4      | Found an iron altar of Okawaru.
  6395 | D:6      | Slain by a water moccasin

Illustrated notes

Levels and vault maps discovered:
D:1:      shiori_shiawase, layout_loops_cross,
          shapermc_ecumenical_altar_totnotflames
D:2:      layout_rooms
D:3:      layout_basic, fedhas_altar_fruit_tree, uniq_robin
D:4:      layout_basic, kennysheep_mini, minivault_19
D:5:      layout_gridville, nicolae_overflow_crystal_walls, xom_butterflies,
          gammafunk_ghost_hive, minmay_misc_feat_alley
D:6:      layout_gridville, elyvilon_altar_4, kennysheep_slug_shrine,
          minmay_temple_entry_large_hall, ebering_ghost_inner_flame
Temple:   jpeg_temple_alley_garden

Skill      XL: |  1  2  3  4  5  6  7 |
---------------+----------------------+-----
Fighting       | 4 5 6 7 8 10 | 10.4
Axes           | |  2.0
Dodging        | |  2.6
Shields        | |  3.0

Action                   |  1- 3 |  4- 6 |  7- 9 || total
-------------------------+-------+-------+-------++-------
Melee: War axe           |    81 |   214 |    41 ||   336
       Tailslap          |    11 |    18 |     6 ||    35
 Abil: Breathe Dispellin |       |       |     1 ||     1
 Stab: Distracted        |       |       |     1 ||     1
Armor: Skin              |    32 |    81 |     8 ||   121
Dodge: Dodged            |    56 |   149 |    34 ||   239
Block: Buckler           |    22 |    52 |    11 ||    85

Table legend: (Time is in decaauts)
 A = Elapsed time spent in this place.
 B = Non-inter-level travel time spent in this place.
 C = Inter-level travel time spent in this place.
 D = Time resting spent in this place.
 E = Time spent auto-exploring this place.
 F = Levels seen in this place.
 G = Mean time per level.
                   A        B        C        D        E       F      G
               +--------+--------+--------+--------+--------+-----+--------+
         Total |   6549 |   6400 |    149 |    689 |   4746 |   7 |  935.6 |
       Dungeon |   6299 |   6215 |     84 |    689 |   4582 |   6 | 1049.8 |
        Temple |    249 |    184 |     65 |      0 |    164 |   1 |  249.0 |
               +--------+--------+--------+--------+--------+-----+--------+

Top non-repeatable levels by time:
     D:3: 1393 daAuts
     D:2: 1243 daAuts
     D:4: 1108 daAuts
     D:5: 1088 daAuts
     D:1: 882 daAuts
     D:6: 583 daAuts
  Temple: 249 daAuts
